 Dungeon Crawl Stone Soup version 0.24.0-125-gc4c63601f3 (webtiles) character file.

Game seed: 5696867133027891361, levelgen mode: deterministic

13524 Johnny the Fighter (level 12, -2/122 HPs)
             Began as a Naga Berserker on Feb 26, 2020.
             Was a High Priest of Trog.
             Slain by an ice beast (15 damage)
             ... while paralysed
             ... in an ice cave.
             The game lasted 00:13:09 (11312 turns).

Johnny the Fighter (Naga Berserker)                Turns: 11312, Time: 00:13:09

Health: -2/122     AC: 14    Str: 24    XL:     12   Next: 6%
Magic:  12/12      EV:  1    Int:  7    God:    Trog [*****.]
Gold:   613        SH:  0    Dex: 12    Spells: 11/11 levels left

rFire    . . .     SeeInvis +     - Unarmed
rCold    . . .     Gourm    .   w - +2 shield
rNeg     . . .     Faith    .   G - +0 troll leather armour
rPois    +         Spirit   .   (no helmet)
rElec    .         Reflect  .   x - +0 cloak
rCorr    .         Harm     +   E - +0 pair of gloves
MR       +....                  e - +0 naga barding
Stlth    +.........             a - amulet of harm
HPRegen  0.70/turn              y - ring of wizardry
MPRegen  0.13/turn              (no ring)

@: paralysed, berserk cooldown, slowed, very slow
A: large, see invisible, deformed body, poison resistance, slowness 2, slow
metabolism 1, spit poison 1, AC +4
a: Spit Poison, Berserk, Trog's Hand, Brothers in Arms, Renounce Religion


You were in an ice cave.
You worshipped Trog.
Trog was extremely pleased with you.
You were very full.

You visited 1 branch of the dungeon, and saw 12 of its levels.
You also visited: Ossuary and Ice Cave.

You collected 613 gold pieces.

Inventory:

Armour
 e - a +0 naga barding (worn)
 w - a +2 shield (worn)
 x - a +0 cloak (worn)
 E - a +0 pair of gloves (worn)
 G - a +0 troll leather armour (worn)
 L - +0 acid dragon scales
Jewellery
 a - an amulet of harm (around neck)
 y - a ring of wizardry (left hand)
Wands
 n - a wand of digging (6)
 t - a wand of iceblast (9)
 K - a wand of paralysis (8)
Scrolls
 c - 3 scrolls of enchant armour
 d - 6 scrolls of remove curse
 g - 6 scrolls of immolation
 i - 2 scrolls of noise
 j - 4 scrolls of teleportation
 k - 5 scrolls of fear
 r - 5 scrolls of amnesia {unknown}
 s - a scroll of enchant weapon {unknown}
 v - 3 scrolls of magic mapping
 D - 2 scrolls of random uselessness {unknown}
 F - a scroll of vulnerability {unknown}
Potions
 f - a potion of cancellation
 h - 2 potions of lignification
 l - 4 potions of invisibility
 m - 2 potions of heal wounds
 o - 2 potions of degeneration {unknown}
 p - 7 potions of mutation {unknown}
 q - 3 potions of berserk rage {unknown}
 u - 2 potions of flight {unknown}
 z - 5 potions of curing {unknown}
 A - a potion of might {unknown}
 B - 2 potions of magic {unknown}
 C - 2 potions of brilliance {unknown}
 H - a potion of haste {unknown}
Comestibles
 b - 23 rations


   Skills:
 * Level 11.9 Fighting
 + Level 4.7 Armour
 + Level 7.0 Dodging
 * Level 11.9 Unarmed Combat


You had 11 spell levels left.
You didn't know any spells.
Your spell library contained the following spells:

 Spells                   Type           Power        Failure   Level  Hunger
 Magic Dart               Conj           #...         78%         1    ##.....
 Blink                    Tloc           N/A          89%         2    ###....
 Call Imp                 Summ           #.......     89%         2    ###....
 Searing Ray              Conj           #.....       89%         2    ###....
 Slow                     Hex            #.......     89%         2    ###....
 Conjure Flame            Conj/Fire      #.......     98%         3    ####...
 Dazzling Spray           Conj/Hex       #.....       98%         3    ####...
 Mephitic Cloud           Conj/Pois/Air  #.......     98%         3    ####...
 Force Lance              Conj/Tloc      #.......     100%        4    #####..
 Fulminant Prism          Conj/Hex       #.........   100%        4    #####..
 Iskenderun's Mystic Bla  Conj           #.......     100%        4    #####..


Dungeon Overview and Level Annotations

Branches:
Dungeon (12/15)            Temple (0/1) D:5             Orc (0/2) D:10
Ossuary (visited)           IceCv (1/1)
   Lair: D:8-11

Altars:
Ashenzari
Cheibriados
Kikubaaqudgha
Okawaru
Sif Muna
Uskayaw
Wu Jian
Yredelemnul
Zin

Shops:
D:5 }

Annotations:
D:7 2 transporters, Lemonice's ghost, novice OpEE


Innate Abilities, Weirdness & Mutations

You cannot wear boots.
Your serpentine skin is tough. (AC +4)
You have supernaturally acute eyesight. (SInv)
Armour fits poorly on your strangely shaped body.
Your system is resistant to poisons. (rPois)
You cover ground very slowly.
You have a slow metabolism.
You can spit poison.


Message History

The freezing wraith is heavily damaged.
You are no longer berserk.
You pass out from exhaustion.
You feel as though you will be slow longer.
The ice beast hits you but does no damage.
The freezing wraith hits you. The freezing wraith freezes you!!
The freezing wraith hits you.
The ice beast hits you but does no damage.
The freezing wraith hits you but does no damage. x2
The ice beast hits you but does no damage.
The freezing wraith completely misses you.
The freezing wraith hits you but does no damage.
The ice beast hits you but does no damage.
The freezing wraith hits you! The freezing wraith freezes you!!
* * * LOW HITPOINT WARNING * * *
The freezing wraith hits you but does no damage.
The ice beast hits you.
* * * LOW HITPOINT WARNING * * *
The ice beast freezes you!
You die...

##..#..## #..##...##
##.####...## #... ##..#
##...## .... #..##
##...# ....Y ##..#
##..## ...W. #..##
######..# #...W. ##..#
##...###.## #.....##.@##
##.....##..# #.....#WY#
#...#...#..# #...##
#..####....# ##.## ##..#
##...# ### ##..## ##.##
##...# ### #### ##....##
##..## #### #......#
##....#####..####.....##


You could see a freezing wraith and an ice beast.

Vanquished Creatures
  Erica (D:9)
  A centaur warrior (D:10)
  A two-headed ogre (D:10)
  Pikel (D:8)
  An orc knight (D:9)
  A kobold demonologist (D:10)
  An efreet (D:10)
  5 freezing wraiths (IceCv)
  3 trolls
  A hippogriff (D:8)
  Sigmund (D:7)
  A centaur simulacrum (D:12)
  3 yaks (D:12)
  A wyvern (D:9)
  Grum (D:10)
  2 hungry ghosts
  A steam dragon (D:8)
  Edmund (D:7)
  A soldier ant (D:11)
  An acid dragon (D:11)
  Duvessa (D:7)
  A porcupine (D:10)
  2 black bears
  4 orc warriors
  6 sky beasts
  8 ice beasts
  4 ogres
  A necrophage (D:5)
  6 wolves
  3 centaurs
  4 elf zombies
  4 bullfrogs
  Dowan (D:7)
  6 killer bees (D:7)
  3 wights (D:9)
  4 crimson imps
  A bullfrog zombie (D:10)
  5 centaur zombies (Ossuary)
  3 jellies
  2 quasits
  3 hounds
  5 human zombies
  9 orc priests
  A centaur skeleton (D:5)
  A bullfrog skeleton (D:10)
  A human skeleton (D:6)
  5 iguanas
  5 orc wizards
  4 worker ants
  A polar bear simulacrum (IceCv)
  3 wolf simulacra (IceCv)
  2 hound zombies
  3 hound skeletons
  3 mummies (Ossuary)
  A worker ant zombie (D:11)
  A gnoll (D:1)
  A howler monkey skeleton (D:8)
  11 adders
  8 shadow imps
  15 white imps
  An ooze (D:7)
  2 adder zombies
  An adder skeleton (D:2)
  4 worms
  A dart slug (D:4)
  2 leopard geckos
  32 orcs
  2 bats
  10 giant cockroaches (D:3)
  6 goblins
  8 hobgoblins
  15 jackals
  5 quokkas
  6 frilled lizards
  5 kobolds
  3 orc skeletons (D:6)
  A quokka skeleton (D:5)
  8 rats
293 creatures vanquished.

Vanquished Creatures (collateral kills)
  3 ice beasts (IceCv)
  A centaur (D:10)
  3 white imps (IceCv)
7 creatures vanquished.

Grand Total: 300 creatures vanquished

Notes
Turn   | Place    | Note
-------+----------+-------------------------------------------
     0 | D:1      | Johnny the Naga Berserker began the quest for the Orb.
     0 | D:1      | Reached XP level 1. HP: 21/21 MP: 1/1
    34 | D:1      | Reached XP level 2. HP: 16/28 MP: 2/2
  1167 | D:1      | Reached XP level 3. HP: 33/34 MP: 3/3
  1432 | D:2      | Reached XP level 4. HP: 37/44 MP: 4/4
  1503 | D:2      | Reached ** piety under Trog
  1683 | D:2      | Found a shattered altar of Ashenzari.
  2068 | D:3      | Reached XP level 5. HP: 50/50 MP: 5/5
  2844 | D:3      | Found a hide-covered altar of Uskayaw.
  3084 | D:4      | Noticed an ogre
  3094 | D:4      | Killed an ogre
  3094 | D:4      | Reached XP level 6. HP: 60/60 MP: 6/6
  3185 | D:4      | Found a basalt altar of Yredelemnul.
  3211 | D:4      | Reached skill level 5 in Fighting
  3214 | D:4      | Reached skill level 5 in Unarmed Combat
  3386 | D:4      | Reached *** piety under Trog
  3433 | D:4      | Found a snail-covered altar of Cheibriados.
  3898 | D:4      | Found a shimmering blue altar of Sif Muna.
  3921 | D:5      | Entered Level 5 of the Dungeon
  4049 | D:5      | Found a staircase to the Ecumenical Temple.
  4077 | D:5      | Found Tupp's Gadget Boutique.
  4108 | D:5      | Noticed a necrophage
  4113 | D:5      | Killed a necrophage
  4113 | D:5      | Reached XP level 7. HP: 67/67 MP: 7/7
  4380 | D:5      | Found an ornate altar of the Wu Jian Council.
  4829 | D:6      | Found an iron altar of Okawaru.
  5264 | D:6      | Reached XP level 8. HP: 75/76 MP: 8/8
  5288 | D:6      | Found a sand-covered staircase.
  5304 | Ossuary  | Entered an ossuary
  6346 | D:6      | Found a glowing silver altar of Zin.
  6359 | D:6      | Reached XP level 9. HP: 87/87 MP: 9/9
  6690 | D:7      | Noticed Dowan
  6693 | D:7      | Noticed Duvessa
  6707 | D:7      | Killed Duvessa
  6717 | D:7      | Killed Dowan
  7256 | D:7      | Found a transporter.
  7260 | D:7      | Found a transporter.
  7260 | D:7      | Noticed Lemonice's ghost (novice OpEE)
  7314 | D:7      | Reached **** piety under Trog
  7565 | D:7      | Reached skill level 5 in Dodging
  7644 | D:7      | Noticed Edmund
  7651 | D:7      | Killed Edmund
  7651 | D:7      | Noticed Sigmund
  7669 | D:7      | Killed Sigmund
  8052 | D:8      | Noticed Pikel
  8111 | D:8      | Reached XP level 10. HP: 95/99 MP: 10/10
  8165 | D:8      | Found a shimmering blue altar of Sif Muna.
  8477 | D:8      | Killed Pikel
  8898 | D:9      | Reached skill level 10 in Fighting
  8898 | D:9      | Reached skill level 10 in Unarmed Combat
  8940 | D:9      | Found an ancient bone altar of Kikubaaqudgha.
  9168 | D:9      | Found a basalt altar of Yredelemnul.
  9206 | D:9      | Noticed an orc knight
  9214 | D:9      | Killed an orc knight
  9487 | D:9      | Noticed Erica
  9495 | D:9      | Killed Erica
  9495 | D:9      | Reached XP level 11. HP: 110/110 MP: 11/11
  9550 | D:10     | Entered Level 10 of the Dungeon
  9556 | D:10     | Noticed Grum
  9587 | D:10     | Killed Grum
  9792 | D:10     | Noticed a centaur warrior
  9803 | D:10     | Killed a centaur warrior
  9993 | D:10     | Found a staircase to the Orcish Mines.
 10095 | D:10     | Noticed a two-headed ogre
 10102 | D:10     | Killed a two-headed ogre
 10959 | D:12     | Reached ***** piety under Trog
 10978 | D:12     | Found a frozen archway.
 10994 | IceCv    | Entered an ice cave
 11240 | IceCv    | Reached XP level 12. HP: 122/122 MP: 12/12
 11312 | IceCv    | Slain by an ice beast

Levels and vault maps discovered:
D:1:      minmay_arrival_checkered_box, layout_basic
D:2:      layout_rooms, minmay_door_square, evilmike_ruin_ashenzari
D:3:      minmay_roachtagon, layout_basic, eat_drink_and_be_merry_uskayaw,
          first_ration
D:4:      layout_gridville, marbit_many_paths, led_sif_book,
          kennysheep_slug_shrine
D:5:      layout_gridville, nicolae_overflow_hidden_temple, temple_pool_b,
          serial_shops, nicolae_shop_temple_entry_statues_fountains,
          chequers_decorated_corner
D:6:      layout_loops_corners, lemuel_coloured_pillars_altar,
          nicolae_ossuary_entry_catacombs, okawaru_ov_weapons_minmay
D:7:      layout_basic, gammafunk_ghost_arena, grunt_ogre_cave,
          sigmund_edmund_badplayer, uniq_duvessa
D:8:      layout_cave_pools, basic_altar, uniq_pikel
D:9:      layout_roguey, kiku_gazebo_pond_becter, basic_altar, minivault_20,
          uniq_erica
D:10:     minmay_chambers_of_sixes, layout_small_grid, orc_0_dummy,
          kennysheep_decorative_pillar, uniq_grum
D:11:     layout_big_octagon, minmay_lair_entry_grove
D:12:     layout_gridville, portal_ice_cave_entry_imps, serial_ice,
          serial_ice_k, serial_ice_o, serial_ice_b, serial_ice_e, serial_ice_d,
          serial_ice_f, serial_ice_g, hex_large
IceCv:    ice_cave_small_necro

Skill      XL: |  1  2  3  4  5  6  7  8  9 10 11 |
---------------+----------------------------------+-----
Dodging        | 2 3 4 5 6 7 |  7.0
Fighting       | 4 5 6 7 9 10 11 | 11.9
Unarmed Combat | 4 5 6 7 9 10 11 | 11.9
Armour         | 3 4 |  4.7

Action                   |  1- 3 |  4- 6 |  7- 9 | 10-12 || total
-------------------------+-------+-------+-------+-------++-------
Melee: Unarmed           |    92 |   221 |   479 |   500 ||  1292
       Punch             |     1 |     6 |     1 |       ||     8
Invok: Berserk           |     1 |     6 |    10 |    14 ||    31
       Trog's Hand       |       |       |     1 |     4 ||     5
       Brothers in Arms  |       |       |       |     2 ||     2
Evoke: Wand              |       |       |     7 |     3 ||    10
  Use: Scroll            |       |       |     6 |     6 ||    12
       Potion            |       |       |       |     1 ||     1
 Stab: Sleeping          |       |     2 |       |       ||     2
  Eat: Chunk             |     1 |    13 |    13 |    25 ||    52
       Ration            |       |       |     2 |     5 ||     7
Armor: Animal skin       |    15 |    32 |       |       ||    47
       Chain mail        |       |    16 |     8 |       ||    24
       Plate armour      |       |       |   215 |    68 ||   283
       Troll leather arm |       |       |       |   205 ||   205
Dodge: Dodged            |    55 |    99 |    24 |   116 ||   294
Block: Shield            |       |       |   166 |   248 ||   414
